 Dungeon Crawl Stone Soup version 0.29-a0-838-g385bb11a5b (webtiles) character file.

Game seed: 388952501685388264

347 ytrimaz the Cutter (level 6, -2/47 HPs)
             Began as a Demonspawn Fighter on July 14, 2022.
             Slain by a gnoll
             ... wielding a +0 club
             ... led by a gnoll bouda
              (4 damage)
             ... on level 4 of the Dungeon.
             The game lasted 00:03:30 (4329 turns).

ytrimaz the Cutter (Demonspawn Fighter)             Turns: 4329, Time: 00:03:31

Health: -2/47      AC:  6    Str: 17    XL:     6   Next: 33%
Magic:  6/6        EV:  9    Int:  9    God:
Gold:   209        SH:  6    Dex: 20    Spells: 5/5 levels left

rFire   . . .      SeeInvis +   a - +1 rapier
rCold   . . .      Faith    .   c - +0 buckler
rNeg    . . .      Spirit   .   b - +0 scale mail
rPois   .          Reflect  .   (helmet restricted)
rElec   .          Harm     .   (no cloak)
rCorr   .          Rampage  .   (no gloves)
Will    .....                   (no boots)
Stlth   ..........              (no amulet)
HPRegen 0.15/turn               e - ring of see invisible
MPRegen 0.10/turn               k - +6 ring of dexterity

@: brilliant
A: antennae 2, hooves 1, ignite blood 1, inability to drink while threatened 1,
inability to read while threatened 1
a: no special abilities


You were on level 4 of the Dungeon.
You visited 1 branch of the dungeon, and saw 4 of its levels.

You collected 209 gold pieces.

Inventory:

Hand Weapons
 a - a +1 rapier (weapon)
Missiles
 q - a throwing net (quivered)
Armour
 b - a +0 scale mail (worn)
 c - a +0 buckler (worn)
Jewellery
 e - a ring of see invisible (left hand)
 k - a +6 ring of dexterity (right hand)
Scrolls
 f - a scroll of teleportation
 o - 2 scrolls of amnesia {unknown}
Potions
 d - a potion of might
 g - a potion of lignification
 j - a potion of haste {unknown}
 l - a potion of curing {unknown}
 m - 3 potions of magic
 n - 2 potions of flight
 p - a potion of degeneration {unknown}


   Skills:
 + Level 3.2 Fighting
 - Level 4.8 Short Blades
 + Level 3.4 Armour
 - Level 4.0 Shields


You had 5 spell levels left.
You didn't know any spells.
Your spell library contained the following spells:

 Spells                   Type           Power      Damage    Failure   Level
 Magic Dart               Conj           0%         1d3       86%         1
 Call Imp                 Summ           0%         N/A       95%         2
 Ignite Poison            Fire/Tmut/Pois 0%         N/A       99%         3
 Mephitic Cloud           Conj/Pois/Air  0%         N/A       99%         3
 Freezing Cloud           Conj/Ice/Air   0%         6-21      100%        5


Dungeon Overview and Level Annotations

Branches:
Dungeon (4/15)
 Temple: D:4-7

Altars:

Shops:
D:4 [


Innate Abilities, Weirdness & Mutations

You have a pair of antennae on your head.
You have large cloven feet.
Your demonic aura sometimes causes spilled blood to erupt in flames.
You occasionally lose the ability to drink potions when taking damage.
You occasionally lose the ability to read scrolls when taking damage.


Message History

The gnoll hits you but does no damage.
You puncture the gnoll!
You kill the gnoll!
The gnoll hits you with a +0 club.
Unknown command.
You hit the gnoll bouda.
The gnoll bouda is moderately wounded.
The gnoll bouda hits you with a +0 whip!
The gnoll barely misses you.
Unknown command.
You hit the gnoll bouda but do no damage.
You kick the gnoll bouda.
The gnoll bouda is heavily wounded.
The gnoll bouda barks out a call to the hunt!
The gnoll picks up the pace!
Unknown command.
You hit the gnoll bouda.
The gnoll bouda is severely wounded.
The gnoll hits you with a +0 club.
The gnoll bouda hits you with a +0 whip.
* * * LOW HITPOINT WARNING * * *
You barely miss the gnoll bouda. Your kick misses the gnoll bouda.
The gnoll bouda is severely wounded.
The gnoll hits you with a +0 club.
* * * LOW HITPOINT WARNING * * *
A gnoll comes into view. It is wielding a +0 club.
The gnoll bouda mumbles some strange prayers to its god.
The gnoll bouda is healed somewhat.
Unknown command.
It was a potion of mutation.
You feel extremely strange.
You occasionally lose the ability to read scrolls when threatened.
You occasionally lose the ability to drink potions when threatened.
The gnoll is no longer moving quickly.
The gnoll barely misses you.
The gnoll bouda hits you with a +0 whip.
* * * LOW HITPOINT WARNING * * *
Unknown command.
It was a potion of brilliance.
You feel clever all of a sudden. The gnoll hits you with a +0 club.
You die...

#......g.#
#........#
#........#
##........#
#......{..#
#...############
#...# #......#
#...#####......#
###
#...g)g@'#.....+
..#
#...####g......#
#.#
#......#.∩.#...#
#.# ##
#....###.....###
#.# #.
##'#.....##### #.#
#.
#.#....†...######.#
#.
#.#.#....#......#.#
#.
#.#.###########.#.#
#. #.#.#
..........# #.


You could see a gnoll bouda and 2 gnolls.

Vanquished Creatures
  A black bear (D:3)
  A kobold brigand (D:4)
  A scorpion (D:4)
  An iguana (D:4)
  An adder (D:3)
  2 gnolls (D:4)
  2 worms
  2 dart slugs
  5 orcs
  4 endoplasms
  3 giant cockroaches
  6 goblins
  9 hobgoblins
  2 quokkas
  3 ball pythons
  3 bats
  3 frilled lizards
  8 kobolds
  A rat (D:4)
58 creatures vanquished.

Vanquished Creatures (collateral kills)
  2 orcs (D:3)
2 creatures vanquished.

Vanquished Creatures (others)
  10 plants (D:4)
10 creatures vanquished.

Grand Total: 70 creatures vanquished

Notes
Turn   | Place    | Note
-------+----------+-------------------------------------------
     0 | D:1      | ytrimaz the Demonspawn Fighter began the quest for the Orb.
     0 | D:1      | Reached XP level 1. HP: 18/18 MP: 1/1
   407 | D:1      | Discovered your monstrous ancestry.
   407 | D:1      | Gained mutation: You have a pair of small antennae on your
                  | head. [demonic ancestry]
   407 | D:1      | Reached XP level 2. HP: 19/24 MP: 2/2
  1624 | D:2      | Gained mutation: You have large cloven feet. [demonic
                  | ancestry]
  1624 | D:2      | Reached XP level 3. HP: 29/29 MP: 3/3
  2039 | D:3      | Identified the +1 robe of Disguise {rPois rF+}
  2272 | D:3      | Identified the +0 pair of gloves "Qeul" {Will- Int+4}
  2670 | D:3      | Noticed a black bear
  2681 | D:3      | Killed a black bear
  2682 | D:3      | Reached XP level 4. HP: 14/35 MP: 4/4
  2682 | D:3      | Gained mutation: You have a pair of antennae on your head.
                  | [demonic ancestry]
  2682 | D:3      | Reached XP level 5. HP: 17/41 MP: 5/5
  2900 | D:3      | Found a faded altar of an unknown god.
  3349 | D:3      | Identified the +1 robe of Summer {Will+ rCorr Str-2}
  3974 | D:4      | Gained mutation: Your demonic aura sometimes causes spilled
                  | blood to erupt in flames. [demonic ancestry]
  3974 | D:4      | Reached XP level 6. HP: 31/47 MP: 6/6
  4216 | D:4      | Found Futhotonk's Armour Emporium.
  4328 | D:4      | Gained mutation: You occasionally lose the ability to read
                  | scrolls when taking damage. [potion of mutation]
  4328 | D:4      | Gained mutation: You occasionally lose the ability to drink
                  | potions when taking damage. [potion of mutation]
  4328 | D:4      | HP: 2/47 [gnoll bouda/+0 whip (3)]
  4329 | D:4      | Slain by a gnoll

Illustrated notes

Levels and vault maps discovered:
D:1:      dpeg_arrival_renting, layout_loops_ring,
          chequers_serial_rivers_small_a, chequers_serial_rivers_micro_c
D:2:      layout_loops_ring
D:3:      layout_basic, hellmonk_ecumenical_altar_arch_garden,
          kennysheep_small_spiral
D:4:      layout_basic, serial_shops, nicolae_shop_stone,
          nicolae_shop_temple_entry_statues_fountains, shop,
          grunt_decor_junction, lexackson_kobold_supper

Skill      XL: |  1  2  3  4  5 |
---------------+----------------+-----
Shields        | 3 4 |  4.0
Short Blades   | 2 4 |  4.8
Armour         | 3 |  3.4
Fighting       | |  3.2

Action                   |  1- 3 |  4- 6 || total
-------------------------+-------+-------++-------
Melee: Rapier            |   123 |    63 ||   186
       Kick              |     7 |    19 ||    26
  Use: Scroll            |     8 |     1 ||     9
       Potion            |     2 |     2 ||     4
Armor: Scale mail        |    44 |    13 ||    57
       Skin              |     4 |       ||     4
Dodge: Dodged            |    52 |    15 ||    67
Block: Buckler           |    30 |    11 ||    41

Table legend: (Time is in decaauts)
 A = Elapsed time spent in this place.
 B = Non-inter-level travel time spent in this place.
 C = Inter-level travel time spent in this place.
 D = Time resting spent in this place.
 E = Time spent auto-exploring this place.
 F = Levels seen in this place.
 G = Mean time per level.
                   A        B        C        D        E       F      G
               +--------+--------+--------+--------+--------+-----+--------+
         Total |   4345 |   4234 |    111 |    367 |   3311 |   4 | 1086.2 |
       Dungeon |   4345 |   4234 |    111 |    367 |   3311 |   4 | 1086.2 |
               +--------+--------+--------+--------+--------+-----+--------+

Top non-repeatable levels by time:
     D:3: 1418 daAuts
     D:2: 1085 daAuts
     D:4: 957 daAuts
     D:1: 883 daAuts
